 Dungeon Crawl Stone Soup version 0.31.0-12-g77e489cdc1 (webtiles) character file.

Game seed: 4377950219542101669

4904 Gadfly the Basher (level 10, -5/106 HPs)
             Began as an Oni Berserker on Feb 24, 2024.
             Was a High Priest of Trog.
             Killed by divine providence
             ... invoked by an orc priest
              (15 damage)
             ... on level 9 of the Dungeon.
             The game lasted 00:13:01 (9927 turns).

Gadfly the Basher (Oni Berserker)                   Turns: 9927, Time: 00:13:02

Health: -5/106     AC:  7    Str: 27    XL:     10   Next: 51%
Magic:  10/10      EV: 10    Int:  8    God:    Trog [*****.]
Gold:   537        SH:  0    Dex: 16    Spells: 9/9 levels left

rFire   . . .        B - +1 whip (elec)
rCold   . . .        (no shield)
rNeg    . . .        i - +1 robe of the Blind Marksman {Str+2}
rPois   .            s - +0 hat
rElec   .            q - +0 cloak
rCorr   .            (gloves unavailable)
SInv    .            (boots unavailable)
Will    +++..        (no amulet)
Stlth   +            d - +6 ring of dexterity
HPRegen 1.37/turn    (no ring)
MPRegen 0.12/turn

%: no passive effects
@: strong-willed, regenerating
A: large, unfitting armour, horns 1, tough skin 1, double potion healing,
drunken brawling, iridescent scales 1, evolution 2
a: Renounce Religion, Berserk, Trog's Hand, Brothers in Arms


You were on level 9 of the Dungeon.
You worshipped Trog.
Trog was extremely pleased with you.
You visited 1 branch of the dungeon, and saw 9 of its levels.
You also visited: Ossuary.

You collected 873 gold pieces.
You spent 336 gold pieces at shops.

Inventory:

Hand Weapons
 a - a +3 morningstar of protection
 b - a +1 flail of draining
 m - a +0 dire flail of protection
 B - a +1 whip of electrocution (weapon)
Armour
 i - the +1 robe of the Blind Marksman (worn) {Str+2}
   (You found it on level 2 of the Dungeon)

   Str+2:     It affects your strength (+2).
 q - a +0 cloak (worn)
 r - a +1 robe of cold resistance
 s - a +0 hat (worn)
Jewellery
 d - a +6 ring of dexterity (left hand)
 v - a ring of ice
Wands
 l - a wand of flame (42)
 y - a wand of mindburst (12)
 C - a wand of polymorph (5)
Scrolls
 e - a scroll of vulnerability
 f - a scroll of butterflies
 g - 3 scrolls of teleportation
 h - a scroll of blinking
 n - 2 scrolls of enchant armour
 o - a scroll of poison
 w - a scroll of enchant weapon
Potions
 c - 3 potions of might
 j - 3 potions of mutation
 k - a potion of haste
 p - a potion of attraction
 t - 3 potions of enlightenment
 u - a potion of invisibility {unknown}
 x - a potion of cancellation
 z - 3 potions of curing
 A - a potion of ambrosia {unknown}
 D - a potion of heal wounds


   Skills:
 + Level 8.7 Fighting
 * Level 8.8 Maces & Flails
 * Level 7.3 Armour
 - Level 2.6 Dodging
 * Level 6.6 Evocations


You had 9 spell levels left.
You didn't know any spells.
Your spell library was empty.

Dungeon Overview and Level Annotations

Branches:
Dungeon (9/15)             Temple (0/1) D:7         Ossuary (visited)
   Lair: D:8-11         Orc: D:9-12

Altars:
Elyvilon
Hepliaklqana
Makhleb
Sif Muna
Xom

Shops:
D:3 (   D:4 [   D:7 *


Innate Abilities, Weirdness & Mutations

You are too large for most types of armour.
You have a pair of small horns on your head.
You have tough skin. (AC +1)
You gain doubled healing and magic from potions.
Whenever you drink a healing potion, you attack all around you.
You are partially covered in iridescent scales. (AC +2)
You have great hidden genetic potential.


Message History

Trog accepts your kill.
You hit the yak. Your headbutt misses the yak.
The yak is lightly wounded.
The yak gores you!
* * * LOW HITPOINT WARNING * * *
You hit the yak. You headbutt the yak.
The yak is moderately wounded.
You hit the yak. Lightning courses through the yak!
You headbutt the yak, but do no damage.
The yak is severely wounded.
The yak gores you.
* * * LOW HITPOINT WARNING * * *
Okay, then.
Your skin crawls.
You feel strong-willed. The yak closely misses you.
An orc warrior comes into view. It is wielding a +0 hand axe.
The orc warrior shouts!
The yak attacks as it pursues you! The yak gores you.
* * * LOW HITPOINT WARNING * * *
You barely miss the yak.
The yak is severely wounded.
The yak gores you but does no damage.
You whack the yak!
The yak is almost dead.
You whack the yak!
You kill the yak!
Trog accepts your kill. The orc hits you with a +0 flail!
* * * LOW HITPOINT WARNING * * *
You see here a yak corpse.
You closely miss the orc. You headbutt the orc!
You kill the orc!
Trog accepts your kill.
The orc priest mumbles some strange prayers to Beogh against you.
Beogh smites you!
* * * LOW HITPOINT WARNING * * *
The orc priest calls down the wrath of Beogh upon you.
Beogh smites you!
You die...

#.)†..########.#.##...#####.##
#####........##.#.##...##)<...#
.........o.....#..........))...##
...............#....##...##....#.
.......[.......#....#######....#.
..........)....#....# #....#.
.............o.#....# #....##
.........####..#....# #......
.........# ##..@...#############
....... ##>..)......###.....
...... ##.)).............. ###
#####.................
#.................####
#......##.........#
#......##.........#
#........#..........####
#........#..........'..#


You could see an orc warrior and an orc priest.

Vanquished Creatures
  An orc knight (D:7)
  Pikel (D:5)
  A hornet (D:8)
  5 yaks (D:9)
  A water moccasin (D:6)
  4 orc warriors (D:7)
  A black bear (D:7)
  An ice beast (D:4)
  2 ogres
  A kobold brigand (D:9)
  Blork the orc (D:5)
  4 scorpions
  A bullfrog (D:9)
  3 wights (D:9)
  3 killer bees (D:8)
  A howler monkey (D:6)
  3 jellies
  12 orc priests
  Crazy Yiuf (D:5)
  5 gnoll boudas
  3 hounds
  6 iguanas
  5 orc wizards
  8 mummies (Ossuary)
  22 gnolls
  5 adders
  2 white imps
  10 ufetubi
  4 dart slugs
  A ribbon worm (D:2)
  34 orcs
  7 endoplasms
  4 giant cockroaches
  3 gnoll zombies (Ossuary)
  5 goblins
  6 hobgoblins
  5 jackals
  10 ball pythons
  2 bats
  2 hobgoblin zombies (Ossuary)
  11 kobolds
  A kobold zombie (Ossuary)
  2 orc zombies (Ossuary)
  6 rats
216 creatures vanquished.

Notes
Turn   | Place    | Note
-------+----------+-------------------------------------------
     0 | D:1      | Gadfly the Oni Berserker began the quest for the Orb.
     0 | D:1      | Reached XP level 1. HP: 24/24 MP: 1/1
   105 | D:1      | Found a faded altar of an unknown god.
   132 | D:1      | Reached XP level 2. HP: 32/32 MP: 2/2
   403 | D:1      | Reached XP level 3. HP: 32/39 MP: 3/3
   708 | D:1      | Reached skill level 1 in Armour
   708 | D:1      | Reached skill level 1 in Evocations
  1270 | D:2      | Identified the +1 robe of the Blind Marksman {Str+2}
  1351 | D:2      | Found a hazy altar of Hepliaklqana.
  1848 | D:3      | Found Goats's Antique Weapon Shop.
  2084 | D:3      | Reached ** piety under Trog
  2095 | D:3      | Reached XP level 4. HP: 48/49 MP: 4/4
  2102 | D:3      | Reached XP level 5. HP: 40/55 MP: 5/5
  2307 | D:3      | Found a shimmering altar of Xom.
  2940 | D:4      | Noticed an ice beast
  2950 | D:4      | Killed an ice beast
  2951 | D:4      | Reached skill level 5 in Fighting
  2951 | D:4      | Reached XP level 6. HP: 20/66 MP: 6/6
  3155 | D:4      | Found Guidiwux's Antique Armour Shoppe.
  3815 | D:4      | Bought a runed scarf for 216 gold pieces
  3842 | D:5      | Entered Level 5 of the Dungeon
  3891 | D:5      | Noticed Pikel
  3901 | D:5      | Killed Pikel
  3902 | D:5      | Reached skill level 5 in Maces & Flails
  3902 | D:5      | Reached XP level 7. HP: 68/74 MP: 7/7
  4010 | D:5      | Noticed Blork the orc
  4023 | D:5      | Reached XP level 8. HP: 37/83 MP: 8/8
  4205 | D:5      | Killed Blork the orc
  4510 | D:5      | Found a runed translucent door.
  4511 | D:5      | Noticed Crazy Yiuf
  4669 | D:5      | Gained mutation: You have hidden genetic potential. [potion
                  | of mutation]
  4669 | D:5      | Gained mutation: You are partially covered in iridescent
                  | scales. (AC +2) [potion of mutation]
  4796 | D:5      | Found a burning altar of Makhleb.
  4905 | D:5      | Killed Crazy Yiuf
  4905 | D:5      | Reached *** piety under Trog
  5691 | D:6      | Reached skill level 5 in Armour
  5904 | D:6      | Reached XP level 9. HP: 87/92 MP: 9/9
  6593 | D:7      | Found a sand-covered staircase.
  6624 | D:7      | Reached skill level 5 in Evocations
  6750 | Ossuary  | Entered an ossuary
  6783 | Ossuary  | Reached **** piety under Trog
  7152 | D:7      | Found a transporter.
  7156 | D:7      | Noticed an orc knight
  7205 | D:7      | Found a staircase to the Ecumenical Temple.
  7298 | D:7      | Found Opofylam's General Store.
  7401 | D:7      | Bought a potion of cancellation for 120 gold pieces
  7707 | D:7      | Found a transporter.
  8209 | D:7      | HP: 4/93 [orc knight/+0 battleaxe (12)]
  8211 | D:7      | Killed an orc knight
  8355 | D:7      | Reached XP level 10. HP: 72/104 MP: 10/10
  8904 | D:8      | Paralysed by a hornet for 1 turns
  8920 | D:8      | Gained mutation: You have great hidden genetic potential.
                  | [hidden potential]
  9008 | D:8      | Found a shimmering blue altar of Sif Muna.
  9289 | D:9      | Found a white marble altar of Elyvilon.
  9464 | D:9      | Reached ***** piety under Trog
  9927 | D:9      | Killed from afar by an orc priest

Illustrated notes

Levels and vault maps discovered:
D:1:      shiori_angband_town, layout_basic, shapermc_ecumenical_altar_pompeii
D:2:      layout_loops_ring, basic_altar, nrook_campfire
D:3:      cheibrodos_pilgrimage, layout_basic, xom_teletrap_fun, serial_shops,
          shop, chequers_jeans, st_stairs_2, chequers_big_river,
          grunt_decor_junction, grunt_decor_arrowhead
D:4:      layout_basic, serial_shops, shop
D:5:      layout_loops_ring, makhleb_heckhound_becter, uniq_pikel,
          uniq_blork_the_orc, uniq_crazy_yiuf_cottage
D:6:      layout_loops_cross
D:7:      gammafunk_beogh_shrine, layout_layer_cave,
          minmay_temple_entry_proselytizer, serial_shops,
          nicolae_shop_statue_plus, nicolae_ossuary_entry_ruins
D:8:      layout_cave_pools, nicolae_sif_muna_little_library
D:9:      layout_basic, elyvilon_altar_1, uniq_maggie

Skill      XL: |  1  2  3  4  5  6  7  8  9 10 |
---------------+-------------------------------+-----
Armour         | 1 2 3 4 5 6 7 |  7.3
Evocations     | 1 2 3 4 5 6 |  6.6
Maces & Flails | 4 5 6 8 |  8.8
Fighting       | 5 6 8 |  8.7
Dodging        | |  2.6

Action                     |  1- 3 |  4- 6 |  7- 9 | 10-12 || total
---------------------------+-------+-------+-------+-------++-------
  Melee: Mace              |    79 |       |       |       ||    79
         Headbutt          |    12 |    17 |    51 |    34 ||   114
         Flail             |    21 |    42 |       |       ||    63
         Punch             |       |     2 |     2 |     1 ||     5
         Morningstar       |       |    38 |   235 |    53 ||   326
         Whip              |       |       |    32 |    89 ||   121
 Invoke: Berserk           |       |       |     1 |       ||     1
         Brothers in Arms  |       |       |     1 |       ||     1
         Trog's Hand       |       |       |       |     1 ||     1
    Use: Scroll            |     9 |     3 |     8 |       ||    20
         Potion            |     2 |       |     4 |     1 ||     7
   Stab: Sleeping          |     1 |     1 |     1 |       ||     3
 Armour: Animal skin       |    51 |       |       |       ||    51
         Robe              |    12 |    50 |   253 |   101 ||   416
  Dodge: Dodged            |    54 |    40 |   197 |    70 ||   361
